Crunch vs Wolfpack
(R1)
Created - March 15, 2022 at 19:05
Goals
|
Crunch |
1 |
1 |
1 |
3 |
Wolfpack |
2 |
2 |
5 |
9 |
|
Shots
|
Crunch |
8 |
5 |
7 |
20 |
Wolfpack |
11 |
13 |
12 |
36 |
|
1st period
1. Wolfpack , Sebastian Collberg 12 (Samuel Blais 9, Henrik Samuelsson 31) at 4:33
2. Wolfpack , Ryan Dzingel 11 (Stefan Noesen 45, Maxime Sauvé 43) at 7:27
3. Crunch , Teemu Hartikainen 20 (Noah Hanifin 25, Jordan Oesterle 13) at 17:53
Penalties :
Jordan Oesterle (Syr) for Holding (Minor) at 13:07
2nd period
4. Wolfpack , Stefan Noesen 33 (Vince Dunn 17, Dave Dziurzynski 25) at 9:07
5. Crunch , Teemu Hartikainen 21 (Brock Boeser 35, Matt Roy 7) at 10:35
6. Wolfpack , Mikhail Sergachev 4 (Dave Dziurzynski 26) at 13:14
Penalties :
Dalton Smith (Syr) for Slashing (Double Minor) at 13:50
3rd period
7. Crunch , Michael Ferland 2 (Anthony Cirelli 19, Matt Roy 8) at 2:08
8. Wolfpack , Seth Griffith 16 (Ryan Dzingel 15, Vince Dunn 18) at 4:41
9. Wolfpack , Maxime Sauvé 24 (Dave Dziurzynski 27, Stefan Noesen 46) at 4:56
10. Wolfpack , Ryan Dzingel 12 (Seth Griffith 10, Sebastian Collberg 21) at 9:05
11. Wolfpack , Kevin Roy 2 (Alexander Barabanov 3, Connor Chatam 8) at 16:18
12. Wolfpack , Henrik Samuelsson 16 (Sebastian Collberg 22, Vince Dunn 19) at 18:51
Penalties :
Maxime Sauvé (Har) for Fighting (Major) at 9:08, Jordan Oesterle (Syr) for Fighting (Major) at 9:08, Jeremy Lauzon (Syr) for Slashing (Minor) at 14:04, Stefan Noesen (Har) for Holding (Minor) at 18:52
Goalie Stats
Kaapo Kahkonen (Syr), 20 saves from 26 shots - (0.769), L, 10-12-4, 44:56 minutes
Josef Korenar (Syr), 7 saves from 10 shots - (0.700), 15:04 minutes
Samuel Montembeault (Har), 17 saves from 20 shots - (0.850), W, 15-11-2, 60:00 minutes
Players Stats for Crunch
Player Name G A P +/- PIM S H SB GA TA FO MP PP MP PK MP
------------------------------------------------------------------------------------
Anatoli Golyshev 0 0 0 -1 0 0 0 0 0 0 0/0 12:37 0:00 2:27
Anthony Cirelli 0 1 1 -1 0 1 0 0 0 0 0/0 19:15 0:28 2:39
Brendan Guhle 0 0 0 0 0 1 1 0 0 1 0/0 18:54 0:28 3:36
Brock Boeser 0 1 1 0 0 3 0 0 1 0 1/5 19:12 0:39 0:00
Christoffer Ehn 0 0 0 -1 0 1 1 2 0 1 10/15 20:52 0:39 3:30
Connor Bunnaman 0 0 0 0 0 0 0 0 0 0 0/0 0:27 0:00 0:27
Dalton Smith 0 0 0 -3 4 2 4 1 0 1 9/26 22:25 0:00 0:32
Dylan Strome 0 0 0 -3 0 1 1 0 0 0 3/7 13:41 0:28 2:03
Jacob Larsson 0 0 0 0 0 0 0 2 0 0 0/0 6:22 0:00 0:52
Jayson Megna 0 0 0 -1 0 0 0 0 0 0 1/5 2:10 0:00 0:00
Jeremy Lauzon 0 0 0 -1 2 0 0 2 0 1 0/0 12:07 0:00 1:19
Jordan Oesterle 0 1 1 -5 7 1 5 1 1 0 0/0 25:36 0:39 2:42
Matt Roy 0 2 2 0 0 0 0 1 1 2 0/0 18:54 0:28 3:36
Max McCormick 0 0 0 -2 0 0 1 0 0 1 0/0 6:09 0:00 0:00
Michael Ferland 1 0 1 -1 0 3 1 1 1 0 0/1 17:30 0:28 0:56
Mitch Callahan 0 0 0 -3 0 2 1 0 0 0 0/0 12:06 0:00 0:00
Noah Hanifin 0 1 1 -5 0 0 1 0 0 1 0/0 25:26 0:39 3:50
Sean Walker 0 0 0 -1 0 0 0 0 0 0 0/0 12:46 0:00 0:00
Teemu Hartikainen 2 0 2 -2 0 5 3 1 2 0 2/4 25:31 0:39 3:20
Players Stats for Wolfpack
Player Name G A P +/- PIM S H SB GA TA FO MP PP MP PK MP
------------------------------------------------------------------------------------
Alexander Barabanov 0 1 1 1 0 0 0 0 1 0 0/0 6:26 0:00 0:00
Colton White 0 0 0 3 0 1 1 0 0 1 0/0 12:07 0:38 0:00
Connor Chatam 0 1 1 1 0 1 1 0 1 0 0/0 7:25 0:59 0:00
Dave Dziurzynski 0 3 3 1 0 3 3 0 0 0 1/3 23:28 3:37 0:31
David Pope 0 0 0 3 0 0 0 1 0 0 0/0 12:26 1:17 0:00
Derrick Pouliot 0 0 0 1 0 1 1 1 0 0 0/0 20:19 3:06 0:47
Henrik Samuelsson 1 1 2 1 0 3 1 1 1 0 10/12 18:05 3:18 0:20
Kevin Roy 1 0 1 1 0 2 1 0 0 0 0/0 7:25 0:53 0:00
Maxime Sauvé 1 1 2 1 5 3 1 1 0 0 19/36 22:00 3:28 0:47
Mikhail Sergachev 1 0 1 2 0 1 1 1 1 0 0/0 27:37 4:16 0:20
Ryan Culkin 0 0 0 3 0 0 0 0 0 0 0/0 12:03 0:35 0:00
Ryan Dzingel 2 1 3 3 0 4 2 0 0 0 0/0 11:23 0:03 0:00
Samuel Blais 0 1 1 1 0 6 1 0 0 0 1/1 18:04 3:18 0:00
Sebastian Collberg 1 2 3 1 0 3 2 0 0 0 0/3 17:05 3:15 0:00
Seth Griffith 1 1 2 3 0 1 0 0 1 0 4/6 11:56 0:00 0:36
Stefan Noesen 1 2 3 1 2 5 4 0 0 2 2/2 23:04 3:40 0:00
Steven Santini 0 0 0 1 0 1 0 0 1 1 0/0 20:19 3:06 0:47
Vince Dunn 0 3 3 2 0 1 1 1 2 2 0/0 27:36 4:16 0:20
3 Stars
1 - Ryan Dzingel (Har)
2 - Sebastian Collberg (Har)
3 - Stefan Noesen (Har)
Power Play
Crunch - 0 on 4 Attempt(s) - 0.00%
Wolfpack - 0 on 2 Attempt(s) - 0.00%
Penalty Kill
Crunch - 2 on 2 Attempt(s) - 100.00%
- Score 0 goal in Penalty Kill
Wolfpack - 4 on 4 Attempt(s) - 100.00%
- Score 0 goal in Penalty Kill
Team Stat
Crunch - Hits : 19 - Faceoff Wins : 26 - Blocked Shots : 11 - Penalty Minutes : 13
Wolfpack - Hits : 20 - Faceoff Wins : 37 - Blocked Shots : 6 - Penalty Minutes : 7
Official
Referees : TJ Luxmore and Kendrick Nicholson
Linesman : James Tobias and David Brisebois
Game Notes
Jayson Megna is injured at 8:18 of 1st period (Torn Left ACL)
9:42 of 1st period - Penalty Shot by Dave Dziurzynski for Wolfpack - Stopped by Kaapo Kahkonen
18:32 of 1st period - Penalty Shot by Stefan Noesen for Wolfpack - Stopped by Kaapo Kahkonen
Josef Korenar enters game at 4:56 of 3rd period
Maxime Sauvé and Jordan Oesterle fight to a draw at 9:08 of 3rd period
10:55 of 3rd period - Penalty Shot by Samuel Blais for Wolfpack - Shot Misses the Net
Finance
Level 1 -- Attendance: 1853 (92.65%) -- Ticket Income $64,855
Level 2 -- Attendance: 937 (93.70%) -- Ticket Income $14,055
Total Attendance: 2790 (93.00%)
Total Ticket Income: $78,910
Other Income: $3,946
Total Income: $82,856
Crunch
5 vs 5 Forward
Center Left Wing Right Wing Time % Phy DF OF
1 Jayson Megna Teemu Hartikainen Brock Boeser 40 1 2 2
2 Christoffer Ehn Michael Ferland Anthony Cirelli 30 1 2 2
3 Dylan Strome Dalton Smith Mitch Callahan 20 1 2 2
4 Teemu Hartikainen Anatoli Golyshev Max McCormick 10 1 2 2
5 vs 5 Defense
Defense Defense Time % Phy DF OF
1 Jordan Oesterle Noah Hanifin 40 1 2 2
2 Matt Roy Brendan Guhle 30 1 2 2
3 Sean Walker Jeremy Lauzon 20 1 2 2
4 Jacob Larsson Jordan Oesterle 10 1 2 2
PowerPlay Forward
Center Left Wing Right Wing Time % Phy DF OF
1 Christoffer Ehn Teemu Hartikainen Brock Boeser 60 1 2 2
2 Dylan Strome Michael Ferland Anthony Cirelli 40 1 2 2
PowerPlay Defense
Defense Defense Time % Phy DF OF
1 Jordan Oesterle Noah Hanifin 60 1 2 2
2 Matt Roy Brendan Guhle 40 1 2 2
Penalty Kill 4 Players Forward
Center Wing Time % Phy DF OF
1 Christoffer Ehn Teemu Hartikainen 60 1 2 2
2 Jayson Megna Anthony Cirelli 40 1 2 2
Penalty Kill 4 Players Defense
Defense Defense Time % Phy DF OF
1 Jordan Oesterle Noah Hanifin 60 1 2 2
2 Matt Roy Brendan Guhle 40 1 2 2
Penalty Kill - 3 Players Forward
Forward Time % Phy DF OF
1 Teemu Hartikainen 60 1 2 2
2 Brock Boeser 40 1 2 2
Penalty Kill - 3 Players Defense
Defense Defense Time % Phy DF OF
1 Jordan Oesterle Noah Hanifin 60 1 2 2
2 Matt Roy Brendan Guhle 40 1 2 2
4 vs 4 Forward
Center Wing Time % Phy DF OF
1 Teemu Hartikainen Brock Boeser 60 1 2 2
2 Jayson Megna Christoffer Ehn 40 1 2 2
4 vs 4 Defense
Defense Defense Time % Phy DF OF
1 Jordan Oesterle Noah Hanifin 60 1 2 2
2 Matt Roy Brendan Guhle 40 1 2 2
Last Minutes Offensive
Center Left Wing Right Wing Defense Defense
Jayson Megna Teemu Hartikainen Brock Boeser Jordan Oesterle Noah Hanifin
Last Minutes Defensive
Center Left Wing Right Wing Defense Defense
Jayson Megna Teemu Hartikainen Brock Boeser Jordan Oesterle Noah Hanifin
Goaltenders
Starting : Kaapo Kahkonen
Backup : Josef Korenar
Extra Forwards
Normal : Dalton Smith, Mitch Callahan, Anatoli Golyshev - PP : Dalton Smith, Mitch Callahan - PK : Anatoli Golyshev
Extra Defensemen
Normal : Sean Walker, Jeremy Lauzon, Jacob Larsson - PP : Sean Walker - PK : Jeremy Lauzon, Jacob Larsson
Penalty Shots
Teemu Hartikainen, Brock Boeser, Jayson Megna, Christoffer Ehn, Anthony Cirelli
Scratches
Charles-Olivier Roussel (Healthy), Jared Staal (Healthy), Kyle Capobianco (Healthy), Michael Downing (Healthy)
Wolfpack
5 vs 5 Forward
Center Left Wing Right Wing Time % Phy DF OF
1 Maxime Sauvé Dave Dziurzynski Stefan Noesen 40 1 2 2
2 Henrik Samuelsson Samuel Blais Sebastian Collberg 30 1 2 2
3 Seth Griffith Ryan Dzingel David Pope 20 1 2 2
4 Kevin Roy Alexander Barabanov Connor Chatam 10 1 2 2
5 vs 5 Defense
Defense Defense Time % Phy DF OF
1 Vince Dunn Mikhail Sergachev 40 1 2 2
2 Derrick Pouliot Steven Santini 30 1 2 2
3 Ryan Culkin Colton White 20 1 2 2
4 Vince Dunn Mikhail Sergachev 10 1 2 2
PowerPlay Forward
Center Left Wing Right Wing Time % Phy DF OF
1 Maxime Sauvé Dave Dziurzynski Stefan Noesen 60 1 2 2
2 Henrik Samuelsson Samuel Blais Sebastian Collberg 40 1 2 2
PowerPlay Defense
Defense Defense Time % Phy DF OF
1 Vince Dunn Mikhail Sergachev 60 1 2 2
2 Derrick Pouliot Steven Santini 40 1 2 2
Penalty Kill 4 Players Forward
Center Wing Time % Phy DF OF
1 Maxime Sauvé Stefan Noesen 60 1 2 2
2 Dave Dziurzynski Henrik Samuelsson 40 1 2 2
Penalty Kill 4 Players Defense
Defense Defense Time % Phy DF OF
1 Derrick Pouliot Steven Santini 60 1 2 2
2 Vince Dunn Mikhail Sergachev 40 1 2 2
Penalty Kill - 3 Players Forward
Forward Time % Phy DF OF
1 Maxime Sauvé 60 1 2 2
2 Stefan Noesen 40 1 2 2
Penalty Kill - 3 Players Defense
Defense Defense Time % Phy DF OF
1 Derrick Pouliot Steven Santini 60 1 2 2
2 Vince Dunn Mikhail Sergachev 40 1 2 2
4 vs 4 Forward
Center Wing Time % Phy DF OF
1 Maxime Sauvé Stefan Noesen 60 1 2 2
2 Dave Dziurzynski Henrik Samuelsson 40 1 2 2
4 vs 4 Defense
Defense Defense Time % Phy DF OF
1 Vince Dunn Mikhail Sergachev 60 1 2 2
2 Derrick Pouliot Steven Santini 40 1 2 2
Last Minutes Offensive
Center Left Wing Right Wing Defense Defense
Maxime Sauvé Dave Dziurzynski Stefan Noesen Derrick Pouliot Steven Santini
Last Minutes Defensive
Center Left Wing Right Wing Defense Defense
Maxime Sauvé Dave Dziurzynski Stefan Noesen Derrick Pouliot Steven Santini
Goaltenders
Starting : Samuel Montembeault
Backup : Mike Condon
Extra Forwards
Normal : Samuel Blais, Stefan Noesen, Henrik Samuelsson - PP : Samuel Blais, Stefan Noesen - PK : Seth Griffith
Extra Defensemen
Normal : Derrick Pouliot, Ryan Culkin, Colton White - PP : Mikhail Sergachev - PK : Ryan Culkin, Colton White
Penalty Shots
Maxime Sauvé, Stefan Noesen, Dave Dziurzynski, Henrik Samuelsson, David Pope
Scratches
Adam Lowry (Healthy), Dryden Hunt (Healthy), Jacob Middleton (Healthy), Jake Marchment (Healthy), Joel Kiviranta (Healthy)
Joshua Jacobs (Healthy), Keegan Kolesar (Healthy), Mikhail Vorobyev (Healthy), Will Borgen (Healthy), Alex Barre-Boulet (Healthy)
Andrew Peeke (Healthy), Dante Fabbro (Healthy), Jeffrey Viel (Healthy), Yegor Korshkov (Healthy), Jake Paterson (Healthy)
% Time on Ice - Crunch
Lines # - Real PCT - Wanted PCT - Time Play
Normal Forward
1 - 37% - 40% - 18:42
2 - 31% - 30% - 15:59
3 - 20% - 20% - 10:06
4 - 12% - 10% - 6:09
Normal Defense
1 - 42% - 40% - 21:10
2 - 29% - 30% - 14:50
3 - 19% - 20% - 9:33
4 - 11% - 10% - 5:23
PP Forward
1 - 58% - 60% - 0:39
2 - 42% - 40% - 0:28
PP Defense
1 - 58% - 60% - 0:39
2 - 42% - 40% - 0:28
PK Forward
1 - 67% - 60% - 5:18
2 - 33% - 40% - 2:39
PK Defense
1 - 49% - 60% - 3:52
2 - 51% - 40% - 4:05
PK3 Forward
1 - 0% - 60%
2 - 0% - 40%
PK3 Defense
1 - 0% - 60%
2 - 0% - 40%
44 Forward
1 - 0% - 60%
2 - 0% - 40%
44 Defense
1 - 0% - 60%
2 - 0% - 40%
Last Minute Offensive - 0:00
Last Minute Defensive - 0:00
Total
Forward - 60:00
Defense - 60:00
|
% Time on Ice - Wolfpack
Lines # - Real PCT - Wanted PCT - Time Play
Normal Forward
1 - 38% - 40% - 19:20
2 - 27% - 30% - 13:50
3 - 22% - 20% - 11:20
4 - 13% - 10% - 6:26
Normal Defense
1 - 38% - 40% - 19:36
2 - 32% - 30% - 16:26
3 - 23% - 20% - 11:29
4 - 7% - 10% - 3:25
PP Forward
1 - 55% - 60% - 4:21
2 - 45% - 40% - 3:36
PP Defense
1 - 61% - 60% - 4:51
2 - 39% - 40% - 3:06
PK Forward
1 - 100% - 60% - 1:07
2 - 0% - 40% - 0:00
PK Defense
1 - 70% - 60% - 0:47
2 - 30% - 40% - 0:20
PK3 Forward
1 - 0% - 60%
2 - 0% - 40%
PK3 Defense
1 - 0% - 60%
2 - 0% - 40%
44 Forward
1 - 0% - 60%
2 - 0% - 40%
44 Defense
1 - 0% - 60%
2 - 0% - 40%
Last Minute Offensive - 0:00
Last Minute Defensive - 0:00
Total
Forward - 60:00
Defense - 60:00
|
Play-by-Play
1st period
0:01 of 1st period - Stefan Noesen wins face-off versus Jayson Megna in neutral zone.
0:16 of 1st period - Jordan Oesterle is hit by Stefan Noesen.
1:26 of 1st period - Derrick Pouliot is hit by Brendan Guhle and loses puck.
1:47 of 1st period - Snap shot by Teemu Hartikainen.
1:47 of 1st period - Shot Misses the Net.
2:27 of 1st period - Slapshot by Brendan Guhle.
2:27 of 1st period - Stopped by Samuel Montembeault with a rebound.
3:00 of 1st period - Icing by Sean Walker.
3:01 of 1st period - Dylan Strome wins face-off versus Henrik Samuelsson in Crunch zone.
3:52 of 1st period - Snap shot by Stefan Noesen.
3:52 of 1st period - Stopped by Kaapo Kahkonen with a rebound.
3:58 of 1st period - Vince Dunn is hit by Mitch Callahan and loses puck.
4:05 of 1st period - Slapshot by Mitch Callahan.
4:05 of 1st period - Stopped by Samuel Montembeault with a rebound.
4:27 of 1st period - Snap shot by Maxime Sauvé.
4:27 of 1st period - Stopped by Kaapo Kahkonen without a rebound.
4:28 of 1st period - Henrik Samuelsson wins face-off versus Jayson Megna in Crunch zone.
4:31 of 1st period - Snap shot by Samuel Blais.
4:31 of 1st period - Stopped by Kaapo Kahkonen with a rebound.
4:33 of 1st period - Slapshot by Sebastian Collberg.
4:33 of 1st period - Goal by Sebastian Collberg - Crunch : 0 - Wolfpack : 1.
4:34 of 1st period - Henrik Samuelsson wins face-off versus Jayson Megna in neutral zone.
5:08 of 1st period - Snap shot by Christoffer Ehn.
5:08 of 1st period - Shot Misses the Net.
6:01 of 1st period - Wrist shot by Samuel Blais.
6:01 of 1st period - Stopped by Kaapo Kahkonen with a rebound.
6:03 of 1st period - Slapshot by Samuel Blais.
6:03 of 1st period - Shot Misses the Net.
7:00 of 1st period - Christoffer Ehn is hit by Derrick Pouliot and loses puck.
7:27 of 1st period - Slapshot by Ryan Dzingel.
7:27 of 1st period - Goal by Ryan Dzingel - Crunch : 0 - Wolfpack : 2.
7:28 of 1st period - Maxime Sauvé wins face-off versus Jayson Megna in neutral zone.
7:52 of 1st period - Icing by Jayson Megna.
7:53 of 1st period - Christoffer Ehn wins face-off versus Sebastian Collberg in Crunch zone.
7:53 of 1st period - Christoffer Ehn is hit by Samuel Blais.
8:16 of 1st period - Icing by Jordan Oesterle.
8:17 of 1st period - Jayson Megna wins face-off versus Maxime Sauvé in Crunch zone.
8:17 of 1st period - Jayson Megna is hit by Dave Dziurzynski.
8:18 of 1st period - Jayson Megna from Crunch is injured at 8:18 of 1st period (Torn Left ACL).
8:19 of 1st period - Maxime Sauvé wins face-off versus Dalton Smith in Crunch zone.
8:46 of 1st period - Vince Dunn is hit by Michael Ferland.
8:50 of 1st period - Snap shot by Christoffer Ehn.
8:50 of 1st period - Shot Blocked by David Pope.
8:56 of 1st period - Wrist shot by Jeremy Lauzon.
8:56 of 1st period - Shot Blocked by Vince Dunn.
9:10 of 1st period - Snap shot by Henrik Samuelsson.
9:10 of 1st period - Shot Misses the Net.
9:16 of 1st period - Henrik Samuelsson is hit by Max McCormick.
9:42 of 1st period - Penalty Shot by Dave Dziurzynski for Wolfpack.
9:42 of 1st period - Backhand shot by Dave Dziurzynski.
9:42 of 1st period - Stopped by Kaapo Kahkonen.
9:43 of 1st period - Christoffer Ehn wins face-off versus Henrik Samuelsson in Wolfpack zone.
10:16 of 1st period - Snap shot by Anthony Cirelli.
10:16 of 1st period - Stopped by Samuel Montembeault with a rebound.
10:41 of 1st period - Colton White is hit by Dalton Smith and loses puck.
11:28 of 1st period - Snap shot by Seth Griffith.
11:28 of 1st period - Shot Misses the Net.
11:44 of 1st period - Jeremy Lauzon is hit by Mikhail Sergachev and loses puck.
12:03 of 1st period - Snap shot by Stefan Noesen.
12:03 of 1st period - Shot Misses the Net.
12:05 of 1st period - Wrist shot by Stefan Noesen.
12:05 of 1st period - Stopped by Kaapo Kahkonen with a rebound.
12:07 of 1st period - Slapshot by Dave Dziurzynski.
12:07 of 1st period - Stopped by Kaapo Kahkonen with a rebound.
12:57 of 1st period - Brendan Guhle is hit by Ryan Dzingel and loses puck.
13:04 of 1st period - Slapshot by Ryan Dzingel.
13:04 of 1st period - Stopped by Kaapo Kahkonen without a rebound.
13:05 of 1st period - Christoffer Ehn wins face-off versus Maxime Sauvé in Crunch zone.
13:07 of 1st period - Minor Penalty to Jordan Oesterle for Holding.
13:08 of 1st period - Christoffer Ehn wins face-off versus Dave Dziurzynski in Crunch zone.
13:22 of 1st period - Backhand shot by Teemu Hartikainen.
13:22 of 1st period - Shot Blocked by Maxime Sauvé.
13:34 of 1st period - Jeremy Lauzon is hit by Sebastian Collberg.
15:07 of 1st period - Penalty to Jordan Oesterle is over, Jordan Oesterle is back on ice.
16:08 of 1st period - Jordan Oesterle is hit by Connor Chatam and loses puck.
16:53 of 1st period - Snap shot by Anatoli Golyshev.
16:53 of 1st period - Shot Misses the Net.
17:12 of 1st period - Icing by Derrick Pouliot.
17:13 of 1st period - Teemu Hartikainen wins face-off versus Seth Griffith in Wolfpack zone.
17:40 of 1st period - Dave Dziurzynski is hit by Dalton Smith and loses puck.
17:51 of 1st period - Wrist shot by Teemu Hartikainen.
17:51 of 1st period - Shot Blocked by Derrick Pouliot.
17:53 of 1st period - Slapshot by Noah Hanifin.
17:53 of 1st period - Deflect By Teemu Hartikainen.
17:53 of 1st period - Goal by Teemu Hartikainen - Crunch : 1 - Wolfpack : 2.
17:54 of 1st period - Maxime Sauvé wins face-off versus Dalton Smith in neutral zone.
17:57 of 1st period - Snap shot by Stefan Noesen.
17:57 of 1st period - Shot Misses the Net.
18:05 of 1st period - Wrist shot by Teemu Hartikainen.
18:05 of 1st period - Shot Misses the Net.
18:07 of 1st period - Slapshot by Dalton Smith.
18:07 of 1st period - Stopped by Samuel Montembeault without a rebound.
18:08 of 1st period - Henrik Samuelsson wins face-off versus Teemu Hartikainen in Wolfpack zone.
18:13 of 1st period - Wrist shot by Sebastian Collberg.
18:13 of 1st period - Stopped by Kaapo Kahkonen without a rebound.
18:14 of 1st period - Henrik Samuelsson wins face-off versus Brock Boeser in Crunch zone.
18:15 of 1st period - Snap shot by Samuel Blais.
18:15 of 1st period - Stopped by Kaapo Kahkonen with a rebound.
18:29 of 1st period - Snap shot by Teemu Hartikainen.
18:29 of 1st period - Deflect By Vince Dunn.
18:29 of 1st period - Stopped by Samuel Montembeault without a rebound.
18:30 of 1st period - Maxime Sauvé wins face-off versus Christoffer Ehn in Wolfpack zone.
18:32 of 1st period - Penalty Shot by Stefan Noesen for Wolfpack.
18:32 of 1st period - Snap shot by Stefan Noesen.
18:32 of 1st period - Stopped by Kaapo Kahkonen.
18:33 of 1st period - Maxime Sauvé wins face-off versus Brock Boeser in Wolfpack zone.
18:50 of 1st period - Icing by Jordan Oesterle.
18:51 of 1st period - Dalton Smith wins face-off versus Sebastian Collberg in Crunch zone.
19:18 of 1st period - Slapshot by Michael Ferland.
19:18 of 1st period - Stopped by Samuel Montembeault without a rebound.
19:19 of 1st period - Maxime Sauvé wins face-off versus Christoffer Ehn in Wolfpack zone.
19:24 of 1st period - Slapshot by Christoffer Ehn.
19:24 of 1st period - Shot Misses the Net.
19:40 of 1st period - Snap shot by Maxime Sauvé.
19:40 of 1st period - Shot Misses the Net.
19:46 of 1st period - Vince Dunn is hit by Christoffer Ehn and loses puck.
19:51 of 1st period - Slapshot by Noah Hanifin.
19:51 of 1st period - Shot Misses the Net.
19:53 of 1st period - Slapshot by Noah Hanifin.
19:53 of 1st period - Deflect By Christoffer Ehn.
19:53 of 1st period - Stopped by Samuel Montembeault with a rebound.
Goals for this period are 1 for Crunch vs 2 for Wolfpack.
Shots for this period are 8 for Crunch vs 11 for Wolfpack.
2nd period
0:01 of 2nd period - Maxime Sauvé wins face-off versus Dalton Smith in neutral zone.
0:30 of 2nd period - Slapshot by Maxime Sauvé.
0:30 of 2nd period - Shot Misses the Net.
1:30 of 2nd period - Wrist shot by Anthony Cirelli.
1:30 of 2nd period - Shot Blocked by Mikhail Sergachev.
1:36 of 2nd period - Wrist shot by Seth Griffith.
1:36 of 2nd period - Deflect By Ryan Dzingel.
1:36 of 2nd period - Shot Blocked by Dalton Smith.
1:36 of 2nd period - Puck is out of play.
1:37 of 2nd period - Maxime Sauvé wins face-off versus Dylan Strome in Crunch zone.
1:38 of 2nd period - Snap shot by Dave Dziurzynski.
1:38 of 2nd period - Shot Misses the Net.
1:40 of 2nd period - Slapshot by Steven Santini.
1:40 of 2nd period - Stopped by Kaapo Kahkonen without a rebound.
1:41 of 2nd period - Maxime Sauvé wins face-off versus Dylan Strome in Crunch zone.
2:08 of 2nd period - Wrist shot by Mitch Callahan.
2:08 of 2nd period - Stopped by Samuel Montembeault with a rebound.
2:10 of 2nd period - Slapshot by Matt Roy.
2:10 of 2nd period - Shot Misses the Net.
2:16 of 2nd period - Snap shot by Teemu Hartikainen.
2:16 of 2nd period - Stopped by Samuel Montembeault with a rebound.
2:20 of 2nd period - Snap shot by Brock Boeser.
2:20 of 2nd period - Stopped by Samuel Montembeault without a rebound.
2:21 of 2nd period - Christoffer Ehn wins face-off versus Maxime Sauvé in Wolfpack zone.
2:30 of 2nd period - Slapshot by Stefan Noesen.
2:30 of 2nd period - Shot Blocked by Christoffer Ehn.
2:32 of 2nd period - Slapshot by Stefan Noesen.
2:32 of 2nd period - Shot Blocked by Jordan Oesterle.
2:34 of 2nd period - Slapshot by Ryan Culkin.
2:34 of 2nd period - Deflect By Maxime Sauvé.
2:34 of 2nd period - Shot Blocked by Christoffer Ehn.
2:34 of 2nd period - Puck is out of play.
2:35 of 2nd period - Henrik Samuelsson wins face-off versus Dalton Smith in Crunch zone.
2:46 of 2nd period - Wrist shot by Brock Boeser.
2:46 of 2nd period - Stopped by Samuel Montembeault without a rebound.
2:47 of 2nd period - Maxime Sauvé wins face-off versus Dalton Smith in Wolfpack zone.
2:56 of 2nd period - Slapshot by Maxime Sauvé.
2:56 of 2nd period - Stopped by Kaapo Kahkonen with a rebound.
2:58 of 2nd period - Snap shot by Dave Dziurzynski.
2:58 of 2nd period - Deflect By Maxime Sauvé.
2:58 of 2nd period - Shot Misses the Net.
2:58 of 2nd period - Puck is out of play.
2:59 of 2nd period - Henrik Samuelsson wins face-off versus Dalton Smith in Crunch zone.
3:35 of 2nd period - Slapshot by Michael Ferland.
3:35 of 2nd period - Deflect By Christoffer Ehn.
3:35 of 2nd period - Shot Misses the Net.
3:35 of 2nd period - Puck is out of play.
3:36 of 2nd period - Seth Griffith wins face-off versus Dalton Smith in Wolfpack zone.
3:49 of 2nd period - Wrist shot by Seth Griffith.
3:49 of 2nd period - Shot Blocked by Jacob Larsson.
3:51 of 2nd period - Wrist shot by Ryan Dzingel.
3:51 of 2nd period - Shot Misses the Net.
4:03 of 2nd period - Colton White is hit by Jordan Oesterle and loses puck.
6:34 of 2nd period - Matt Roy is hit by Maxime Sauvé and loses puck.
6:51 of 2nd period - Snap shot by Kevin Roy.
6:51 of 2nd period - Shot Blocked by Matt Roy.
7:24 of 2nd period - Snap shot by Samuel Blais.
7:24 of 2nd period - Shot Misses the Net.
7:26 of 2nd period - Snap shot by Samuel Blais.
7:26 of 2nd period - Stopped by Kaapo Kahkonen with a rebound.
7:28 of 2nd period - Wrist shot by Henrik Samuelsson.
7:28 of 2nd period - Stopped by Kaapo Kahkonen without a rebound.
7:29 of 2nd period - Henrik Samuelsson wins face-off versus Michael Ferland in Crunch zone.
7:43 of 2nd period - Wrist shot by Henrik Samuelsson.
7:43 of 2nd period - Stopped by Kaapo Kahkonen with a rebound.
7:45 of 2nd period - Snap shot by Vince Dunn.
7:45 of 2nd period - Deflect By Jeremy Lauzon.
7:45 of 2nd period - Stopped by Kaapo Kahkonen with a rebound.
7:47 of 2nd period - Slapshot by Samuel Blais.
7:47 of 2nd period - Shot Misses the Net.
7:49 of 2nd period - Wrist shot by Samuel Blais.
7:49 of 2nd period - Stopped by Kaapo Kahkonen without a rebound.
7:50 of 2nd period - Maxime Sauvé wins face-off versus Dalton Smith in Crunch zone.
8:15 of 2nd period - Sebastian Collberg is hit by Jordan Oesterle and loses puck.
8:33 of 2nd period - Off-side.
8:34 of 2nd period - Seth Griffith wins face-off versus Teemu Hartikainen in neutral zone.
8:37 of 2nd period - Snap shot by Ryan Dzingel.
8:37 of 2nd period - Shot Misses the Net.
9:01 of 2nd period - Dave Dziurzynski is hit by Jordan Oesterle.
9:05 of 2nd period - Slapshot by Vince Dunn.
9:05 of 2nd period - Shot Misses the Net.
9:07 of 2nd period - Slapshot by Stefan Noesen.
9:07 of 2nd period - Goal by Stefan Noesen - Crunch : 1 - Wolfpack : 3.
9:08 of 2nd period - Dalton Smith wins face-off versus Maxime Sauvé in neutral zone.
9:33 of 2nd period - Henrik Samuelsson is hit by Jordan Oesterle and loses puck.
9:42 of 2nd period - Slapshot by Derrick Pouliot.
9:42 of 2nd period - Stopped by Kaapo Kahkonen without a rebound.
9:43 of 2nd period - Dave Dziurzynski wins face-off versus Christoffer Ehn in Crunch zone.
9:58 of 2nd period - Wrist shot by Dave Dziurzynski.
9:58 of 2nd period - Shot Blocked by Michael Ferland.
10:23 of 2nd period - Icing by Brendan Guhle.
10:24 of 2nd period - Dalton Smith wins face-off versus Maxime Sauvé in Crunch zone.
10:24 of 2nd period - Teemu Hartikainen is hit by Stefan Noesen and loses puck.
10:35 of 2nd period - Wrist shot by Teemu Hartikainen.
10:35 of 2nd period - Goal by Teemu Hartikainen - Crunch : 2 - Wolfpack : 3.
10:36 of 2nd period - Maxime Sauvé wins face-off versus Dalton Smith in neutral zone.
12:04 of 2nd period - Christoffer Ehn is hit by Dave Dziurzynski and loses puck.
12:57 of 2nd period - Wrist shot by Ryan Dzingel.
12:57 of 2nd period - Stopped by Kaapo Kahkonen without a rebound.
12:58 of 2nd period - Christoffer Ehn wins face-off versus Maxime Sauvé in Crunch zone.
13:12 of 2nd period - Snap shot by Dave Dziurzynski.
13:12 of 2nd period - Stopped by Kaapo Kahkonen with a rebound.
13:14 of 2nd period - Backhand shot by Mikhail Sergachev.
13:14 of 2nd period - Goal by Mikhail Sergachev - Crunch : 2 - Wolfpack : 4.
13:15 of 2nd period - Dalton Smith wins face-off versus Maxime Sauvé in neutral zone.
13:40 of 2nd period - Christoffer Ehn is hit by Henrik Samuelsson and loses puck.
13:47 of 2nd period - Snap shot by Samuel Blais.
13:47 of 2nd period - Stopped by Kaapo Kahkonen without a rebound.
13:48 of 2nd period - Dalton Smith wins face-off versus Sebastian Collberg in Crunch zone.
13:50 of 2nd period - Double Minor Penalty to Dalton Smith for Slashing.
13:51 of 2nd period - Christoffer Ehn wins face-off versus Maxime Sauvé in Crunch zone.
16:17 of 2nd period - Christoffer Ehn is hit by Kevin Roy and loses puck.
16:34 of 2nd period - Dylan Strome is hit by Colton White and loses puck.
17:50 of 2nd period - Penalty to Dalton Smith is over, Dalton Smith is back on ice.
17:53 of 2nd period - Samuel Blais is hit by Dalton Smith and loses puck.
Goals for this period are 1 for Crunch vs 2 for Wolfpack.
Shots for this period are 5 for Crunch vs 13 for Wolfpack.
3rd period
0:01 of 3rd period - Brock Boeser wins face-off versus Maxime Sauvé in neutral zone.
0:06 of 3rd period - Snap shot by Brock Boeser.
0:06 of 3rd period - Stopped by Samuel Montembeault without a rebound.
0:07 of 3rd period - Dalton Smith wins face-off versus Maxime Sauvé in Wolfpack zone.
0:24 of 3rd period - Mikhail Sergachev is hit by Teemu Hartikainen and loses puck.
0:46 of 3rd period - Off-side.
0:47 of 3rd period - Henrik Samuelsson wins face-off versus Christoffer Ehn in neutral zone.
1:14 of 3rd period - Off-side.
1:15 of 3rd period - Dylan Strome wins face-off versus Seth Griffith in neutral zone.
1:40 of 3rd period - Dave Dziurzynski is hit by Jordan Oesterle.
1:44 of 3rd period - Wrist shot by Stefan Noesen.
1:44 of 3rd period - Shot Misses the Net.
2:08 of 3rd period - Wrist shot by Anthony Cirelli.
2:08 of 3rd period - Deflect By Michael Ferland.
2:08 of 3rd period - Goal by Michael Ferland - Crunch : 3 - Wolfpack : 4.
2:09 of 3rd period - Teemu Hartikainen wins face-off versus Maxime Sauvé in neutral zone.
2:12 of 3rd period - Slapshot by Jordan Oesterle.
2:12 of 3rd period - Shot Misses the Net.
2:14 of 3rd period - Snap shot by Dalton Smith.
2:14 of 3rd period - Stopped by Samuel Montembeault without a rebound.
2:15 of 3rd period - Maxime Sauvé wins face-off versus Dalton Smith in Wolfpack zone.
2:28 of 3rd period - Wrist shot by Dave Dziurzynski.
2:28 of 3rd period - Shot Misses the Net.
2:48 of 3rd period - Backhand shot by Michael Ferland.
2:48 of 3rd period - Stopped by Samuel Montembeault with a rebound.
3:10 of 3rd period - Wrist shot by Teemu Hartikainen.
3:10 of 3rd period - Stopped by Samuel Montembeault without a rebound.
3:11 of 3rd period - Christoffer Ehn wins face-off versus Maxime Sauvé in Wolfpack zone.
3:33 of 3rd period - Icing by Michael Ferland.
3:34 of 3rd period - Henrik Samuelsson wins face-off versus Dalton Smith in Crunch zone.
3:46 of 3rd period - Off-side.
3:47 of 3rd period - Dalton Smith wins face-off versus Maxime Sauvé in neutral zone.
3:56 of 3rd period - Slapshot by Teemu Hartikainen.
3:56 of 3rd period - Shot Misses the Net.
4:41 of 3rd period - Snap shot by Seth Griffith.
4:41 of 3rd period - Goal by Seth Griffith - Crunch : 3 - Wolfpack : 5.
4:42 of 3rd period - Maxime Sauvé wins face-off versus Dalton Smith in neutral zone.
4:45 of 3rd period - Jordan Oesterle is hit by Stefan Noesen and loses puck.
4:56 of 3rd period - Snap shot by Maxime Sauvé.
4:56 of 3rd period - Goal by Maxime Sauvé - Crunch : 3 - Wolfpack : 6.
4:56 of 3rd period - Josef Korenar enters game.
4:57 of 3rd period - Maxime Sauvé wins face-off versus Dalton Smith in neutral zone.
5:23 of 3rd period - Christoffer Ehn is hit by Vince Dunn and loses puck.
5:44 of 3rd period - Slapshot by Noah Hanifin.
5:44 of 3rd period - Shot Misses the Net.
5:46 of 3rd period - Slapshot by Jordan Oesterle.
5:46 of 3rd period - Stopped by Samuel Montembeault with a rebound.
7:04 of 3rd period - Derrick Pouliot is hit by Dylan Strome and loses puck.
7:54 of 3rd period - Icing by Dave Dziurzynski.
7:55 of 3rd period - Seth Griffith wins face-off versus Dylan Strome in Wolfpack zone.
8:04 of 3rd period - Snap shot by Ryan Dzingel.
8:04 of 3rd period - Shot Misses the Net.
8:06 of 3rd period - Slapshot by Colton White.
8:06 of 3rd period - Stopped by Josef Korenar without a rebound.
8:07 of 3rd period - Maxime Sauvé wins face-off versus Dalton Smith in Crunch zone.
8:18 of 3rd period - Snap shot by Dave Dziurzynski.
8:18 of 3rd period - Deflect By Maxime Sauvé.
8:18 of 3rd period - Shot Blocked by Teemu Hartikainen.
8:18 of 3rd period - Puck is out of play.
8:19 of 3rd period - Dalton Smith wins face-off versus Maxime Sauvé in Crunch zone.
8:24 of 3rd period - Mikhail Sergachev is hit by Teemu Hartikainen and loses puck.
8:31 of 3rd period - Wrist shot by Dave Dziurzynski.
8:31 of 3rd period - Stopped by Josef Korenar without a rebound.
8:32 of 3rd period - Maxime Sauvé wins face-off versus Dalton Smith in Crunch zone.
8:35 of 3rd period - Wrist shot by Stefan Noesen.
8:35 of 3rd period - Shot Misses the Net.
9:05 of 3rd period - Slapshot by Ryan Dzingel.
9:05 of 3rd period - Goal by Ryan Dzingel - Crunch : 3 - Wolfpack : 7.
9:06 of 3rd period - Dalton Smith wins face-off versus Maxime Sauvé in neutral zone.
9:08 of 3rd period - Maxime Sauvé and Jordan Oesterle fight to a draw.
9:08 of 3rd period - Penalty to Maxime Sauvé for Fighting.
9:08 of 3rd period - Penalty to Jordan Oesterle for Fighting.
9:09 of 3rd period - Samuel Blais wins face-off versus Dalton Smith in Wolfpack zone.
10:06 of 3rd period - Snap shot by Steven Santini.
10:06 of 3rd period - Shot Blocked by Jacob Larsson.
10:08 of 3rd period - Slapshot by Kevin Roy.
10:08 of 3rd period - Stopped by Josef Korenar with a rebound.
10:22 of 3rd period - Snap shot by Stefan Noesen.
10:22 of 3rd period - Stopped by Josef Korenar with a rebound.
10:55 of 3rd period - Penalty Shot by Samuel Blais for Wolfpack.
10:55 of 3rd period - Wrist shot by Samuel Blais.
10:55 of 3rd period - Shot Misses the Net.
10:56 of 3rd period - Stefan Noesen wins face-off versus Dalton Smith in Wolfpack zone.
11:21 of 3rd period - Dalton Smith is hit by Ryan Dzingel and loses puck.
11:28 of 3rd period - Seth Griffith is hit by Dalton Smith and loses puck.
12:19 of 3rd period - Icing by Vince Dunn.
12:20 of 3rd period - Seth Griffith wins face-off versus Dylan Strome in Wolfpack zone.
12:57 of 3rd period - Wrist shot by Stefan Noesen.
12:57 of 3rd period - Stopped by Josef Korenar with a rebound.
13:36 of 3rd period - Snap shot by Michael Ferland.
13:36 of 3rd period - Shot Blocked by Henrik Samuelsson.
13:38 of 3rd period - Snap shot by Michael Ferland.
13:38 of 3rd period - Shot Misses the Net.
13:54 of 3rd period - Snap shot by Steven Santini.
13:54 of 3rd period - Shot Blocked by Jeremy Lauzon.
14:04 of 3rd period - Minor Penalty to Jeremy Lauzon for Slashing.
14:05 of 3rd period - Christoffer Ehn wins face-off versus Dave Dziurzynski in Crunch zone.
14:05 of 3rd period - Christoffer Ehn is hit by Stefan Noesen.
14:08 of 3rd period - Penalty to Jordan Oesterle is over, Jordan Oesterle is back on ice.
14:18 of 3rd period - Jordan Oesterle is hit by Dave Dziurzynski.
14:57 of 3rd period - Derrick Pouliot is hit by Noah Hanifin and loses puck.
16:04 of 3rd period - Penalty to Jeremy Lauzon is over, Jeremy Lauzon is back on ice.
16:16 of 3rd period - Slapshot by Connor Chatam.
16:16 of 3rd period - Stopped by Josef Korenar with a rebound.
16:18 of 3rd period - Wrist shot by Alexander Barabanov.
16:18 of 3rd period - Deflect By Kevin Roy.
16:18 of 3rd period - Goal by Kevin Roy - Crunch : 3 - Wolfpack : 8.
16:19 of 3rd period - Maxime Sauvé wins face-off versus Brock Boeser in neutral zone.
16:48 of 3rd period - Jeremy Lauzon is hit by Sebastian Collberg and loses puck.
16:53 of 3rd period - Snap shot by Henrik Samuelsson.
16:53 of 3rd period - Shot Blocked by Jeremy Lauzon.
16:55 of 3rd period - Wrist shot by Sebastian Collberg.
16:55 of 3rd period - Stopped by Josef Korenar with a rebound.
17:16 of 3rd period - Wrist shot by Dylan Strome.
17:16 of 3rd period - Stopped by Samuel Montembeault without a rebound.
17:17 of 3rd period - Maxime Sauvé wins face-off versus Brock Boeser in Wolfpack zone.
17:17 of 3rd period - Maxime Sauvé is hit by Teemu Hartikainen.
17:29 of 3rd period - Slapshot by Noah Hanifin.
17:29 of 3rd period - Shot Misses the Net.
17:38 of 3rd period - Off-side.
17:39 of 3rd period - Henrik Samuelsson wins face-off versus Christoffer Ehn in neutral zone.
18:47 of 3rd period - Snap shot by Henrik Samuelsson.
18:47 of 3rd period - Shot Misses the Net.
18:49 of 3rd period - Wrist shot by Sebastian Collberg.
18:49 of 3rd period - Shot Misses the Net.
18:51 of 3rd period - Backhand shot by Henrik Samuelsson.
18:51 of 3rd period - Goal by Henrik Samuelsson - Crunch : 3 - Wolfpack : 9.
18:52 of 3rd period - Dylan Strome wins face-off versus Maxime Sauvé in neutral zone.
18:52 of 3rd period - Minor Penalty to Stefan Noesen for Holding.
18:53 of 3rd period - Christoffer Ehn wins face-off versus Maxime Sauvé in Wolfpack zone.
19:08 of 3rd period - Slapshot by Noah Hanifin.
19:08 of 3rd period - Shot Misses the Net.
Goals for this period are 1 for Crunch vs 5 for Wolfpack.
Shots for this period are 7 for Crunch vs 12 for Wolfpack.